[Event "*** Monthly 3|2 Blitz Masters"]
[Site "Chess.com"]
[Date "2014.11.25"]
[Round "3"]
[White "jup1978"]
[Black "WanderingPuppet"]
[Result "0-1"]
[WhiteElo "2123"]
[BlackElo "2032"]
[TimeControl "180+2"]
[EndTime "11:31:30 PST"]
[Termination "WanderingPuppet won by checkmate"]

1. e4 c5 2. Nf3 d6 3. d4 cxd4 4. Nxd4 Nf6 5. Nc3 a6 6. Be3 e6 7. Be2 Qc7 8. f4 b5 9. a3 Bb7 10. Bf3 Nbd7 11. Qe2 Nc5 12. Bf2 h5 13.
O-O-O Be7 14. Kb1 Rb8 15. h3 Ba8 16. g4 b4 17. axb4 Rxb4 18. g5 Nfd7 19. g6 Nb6 20.
gxf7+ Kf8 21. Na2 Ra4 22. b3 Nc4 23. bxa4 Qb7+ 24. Nb3 Nxb3 25. cxb3 Qxb3+ 26. Ka1 Bf6+ 27. e5 Bxf3 28. Rb1 Qxb1+ 29. Kxb1 Bxe2 30. exf6 Kxf7 31. Re1 Bd3+ 32. Kc1 Rb8 33. Bd4 Rb1# 0-1

[Event "*** Monthly 3|2 Blitz Masters"]
[Site "Chess.com"]
[Date "2014.11.25"]
[Round "3"]
[White "vovkcoach"]
[Black "Byniolus"]
[Result "1-0"]
[WhiteElo "2496"]
[BlackElo "2325"]
[TimeControl "180+2"]
[EndTime "11:31:39 PST"]
[Termination "vovkcoach won by resignation"]

1. e4 d6 2. d4 Nf6 3. Nc3 c6 4. a4 e5 5. Nf3 Nbd7 6. Bc4 Be7 7.
O-O O-O 8. Re1 exd4 9. Qxd4 Nb6 10. Bb3 Bg4 11. a5 Nbd7 12. Nd2 Nc5 13. Ba2 Be6 14. b4 Na6 15. Ba3 Bxa2 16. Rxa2 d5 17. exd5 Nxd5 18.
Nxd5 cxd5 19. b5 Bf6 20. Qd3 Nc7 21. Bxf8 Qxf8 22. Nb3 Qb4 23. Rb1 Re8 24. Nd2 Qxb1+ 25.
Nxb1 Re1+ 26. Qf1 Rxf1+ 27. Kxf1 Nxb5 28. Ra4 a6 29. c4 dxc4 30. Rxc4 g6 31. Rc8+ Kg7 32.
Nd2 Bc3 33. Nc4 Nd4 34. Nd6 Bxa5 35. Nxb7 Bb4 36. Rc4 1-0

[Event "*** Monthly 3|2 Blitz Masters"]
[Site "Chess.com"]
[Date "2014.11.25"]
[Round "3"]
[White "MoreChessJulia"]
[Black "Vandros57"]
[Result "1-0"]
[WhiteElo "1875"]
[BlackElo "1794"]
[TimeControl "180+2"]
[EndTime "11:31:39 PST"]
[Termination "MoreChessJulia won on time"]

1. d4 d5 2. c4 e6 3. Nc3 c5 4. cxd5 exd5 5. Nf3 Nc6 6. g3 Nf6 7. Bg2 Be7 8. O-O O-O 9. Be3 c4 10. h3 Be6 11. Bf4 a6 12. a3 b5 13. Ne5 Rc8 14. e3 h6 15. g4 Ne8 16. Qd2 Bg5 17. Bg3 Nxe5 18. dxe5 d4 19. Qxd4 Nc7 20. f4 Bh4 21. Bxh4 Qxh4 22. f5 Rfd8 23. Qf4 Bd5 24. Nxd5 Nxd5 25.
Qe4 c3 26. b4 Qg3 27. Rf3 Qh4 28. e6 c2 29. Rc1 Nf6 30. exf7+ Kh7 31. Qe5 Rd1+ 32. Rf1 Rcd8 33. Rxc2 Rxf1+ 34. Bxf1 h5 35. Rg2 hxg4 36. hxg4 Nxg4 37. Qf4 Rd1 38. Qxg4 Rxf1+ 39.
Kxf1 Qh1+ 40. Kf2 1-0

[Event "*** Monthly 3|2 Blitz Masters"]
[Site "Chess.com"]
[Date "2014.11.25"]
[Round "3"]
[White "gmjlh"]
[Black "rhungaski"]
[Result "1-0"]
[WhiteElo "2521"]
[BlackElo "2416"]
[TimeControl "180+2"]
[EndTime "11:31:42 PST"]
[Termination "gmjlh won by resignation"]

1. e4 d6 2. d4 Nf6 3. Nc3 e5 4.
Nf3 Nbd7 5. Bc4 Be7 6. O-O O-O 7. a4 a5 8. Re1 c6 9. Bf1 exd4 10. Nxd4 Nc5 11.
h3 Be6 12. Bf4 Ne8 13. Qd2 Qb6 14. b3 Qb4 15. Rad1 Rd8 16. Nb1 Qxd2 17. Nxd2 Bf6 18. Nc4 Bxc4 19. Bxc4 Be7 20. Nf5 Rd7 21. Nxe7+ Rxe7 22. f3 Rd7 23. Rd2 Ne6 24. Bg3 N8c7 25. Rxd6 Rxd6 26. Bxd6 Rd8 27. Be5 Kf8 28. Kf2 b5 29. axb5 cxb5 30. Bd3 a4 31. bxa4 bxa4 32. Ra1 Ra8 33.
Bd6+ Ke8 34. Ke3 Kd7 35. Ba3 Kc6 36. f4 Nb5 37. Bb4 Nc5 38. Bc4 Re8 39. Bxc5 Kxc5 40. Rxa4 Nc3 41. Bxf7 Nxa4 42. Bxe8 Nc3 43. Bf7 Nd1+ 44.
Ke2 Nc3+ 45. Kd3 Nb5 46. c3 Nd6 47. Bg8 h6 48. g4 Ne8 49. e5 Nc7 50. Ke4 Kc6 51.
Kf5 Kd7 52. Kg6 1-0

[Event "*** Monthly 3|2 Blitz Masters"]
[Site "Chess.com"]
[Date "2014.11.25"]
[Round "3"]
[White "LePlusMortel"]
[Black "stepanosinovsky"]
[Result "1-0"]
[WhiteElo "2394"]
[BlackElo "2292"]
[TimeControl "180+2"]
[EndTime "11:32:06 PST"]
[Termination "LePlusMortel won by resignation"]

1. d4 Nf6 2. Nf3 g6 3. c4 Bg7 4. Nc3 O-O 5. e4 d6 6. Be2 Nbd7 7. h4 e5 8. d5 h5 9. Ng5 a5 10. f3 Nc5 11. Be3 Bd7 12. Qd2 a4 13. O-O b6 14.
Rab1 Ne8 15. b4 axb3 16. axb3 Nf6 17. b4 Na4 18. Nb5 Nh7 19. Ra1 Nxg5 20. hxg5 f5 21.
gxf6 Bxf6 22. Ra3 h4 23. Rfa1 h3 24. g3 g5 25. g4 h2+ 26. Kh1 Bg7 27. Rxa4 Rc8 28.
Na7 Ra8 29. Nc6 Bxc6 30. dxc6 Rc8 31. Qd5+ Rf7 32. Kxh2 Bf8 33. Kg2 Qf6 34. Rh1 Kg7 35. Rh5 Be7 36. Ra1 Rh8 37. Rxh8 Kxh8 38. Rh1+ Kg7 39.
Rh5 Qg6 40. Qd2 Rf4 41. Bxf4 exf4 42. e5 dxe5 43. Bd3 Qd6 44. Qe2 Qd4 45. Rh7+ Kg8 46. Rxe7 b5 47. Rxc7 bxc4 48. Bxc4+ Kh8 49. Rd7 Qa1 50.
c7 Qa8 51. Rd8+ Kg7 52. Qxe5+ 1-0

[Event "*** Monthly 3|2 Blitz Masters"]
[Site "Chess.com"]
[Date "2014.11.25"]
[Round "3"]
[White "alturas_pacificas"]
[Black "juniortay"]
[Result "1-0"]
[WhiteElo "2057"]
[BlackElo "2198"]
[TimeControl "180+2"]
[EndTime "11:32:19 PST"]
[Termination "alturas_pacificas won on time"]

1. d4 Nf6 2. Bf4 c5 3. d5 d6 4. Nc3 g6 5. e4 Bg7 6. h3 Qa5 7. Qd2 O-O 8. Nf3 b5 9. Nxb5 Qb6 10. e5 dxe5 11. Bxe5 Bf5 12. c4 Ne4 13. Qc1 Qa5+ 14. Nc3 Nd7 15. Bxg7 Kxg7 16. Be2 Rab8 17. O-O Nxc3 18. bxc3 Nf6 19. Nd2 Qc7 20. Re1 h5 21.
Bf3 Rb6 22. Nb3 Rfb8 23. Qe3 Re8 24. Qxc5 Qb8 25. Qd4 Kh7 26. c5 Ra6 27. c4 Ra4 28.
c6 Qb4 29. Rec1 Rc8 30. Qc5 1-0

[Event "*** Monthly 3|2 Blitz Masters"]
[Site "Chess.com"]
[Date "2014.11.25"]
[Round "3"]
[White "VovAn1991"]
[Black "oggy1984"]
[Result "1-0"]
[WhiteElo "2359"]
[BlackElo "2231"]
[TimeControl "180+2"]
[EndTime "11:32:23 PST"]
[Termination "VovAn1991 won on time"]

1. g3 Nf6 2. Bg2 g6 3. f4 Bg7 4. Nf3 O-O 5. O-O d5 6. d3 c5 7.
c3 Nc6 8. Qc2 Re8 9. e4 Bg4 10. e5 Nd7 11. Nbd2 Nb6 12. h3 Bxf3 13. Nxf3 e6 14. g4 Rc8 15. Qe2 f6 16. Bd2 f5 17.
Be1 Rf8 18. Bg3 Qd7 19. Kh2 Na8 20. Rad1 Nc7 21. c4 b5 22. b3 Rb8 23. d4 bxc4 24. bxc4 Nxd4 25. Nxd4 cxd4 26. Rxd4 Rb4 27. Rfd1 Qa4 28. gxf5 Rxf5 29. Rc1 Nb5 30. Rd2 Rxc4 31. Rxc4 Qxc4 32. Qxc4 dxc4 33. a4 Nc3 34. a5 Rf8 35.
Rc2 Nd5 36. Rxc4 Bh6 37. Bxd5 exd5 38. Rd4 Kf7 39. Rxd5 Ke6 40. Rd6+ Kf5 41. Ra6 1-0

[Event "*** Monthly 3|2 Blitz Masters"]
[Site "Chess.com"]
[Date "2014.11.25"]
[Round "3"]
[White "Mvpag"]
[Black "bsmail"]
[Result "1-0"]
[WhiteElo "1888"]
[BlackElo "2089"]
[TimeControl "180+2"]
[EndTime "11:32:25 PST"]
[Termination "Mvpag won by resignation"]

1. d4 Nf6 2. Nf3 d5 3. c4 e6 4. Nc3 Bb4 5. a3 Bxc3+ 6. bxc3 c5 7. cxd5 Nxd5 8. Qc2 O-O 9. e4 Ne7 10. g3 b6 11. Bg2 Bb7 12. O-O Nd7 13. Bg5 h6 14.
Bf4 Nf6 15. Rfe1 Rc8 16. Qa4 Bxe4 17. dxc5 Bc6 18. Qxa7 bxc5 19. Rad1 Qe8 20. Bd6 Ned5 21.
Bxf8 Qxf8 22. Qa6 Nxc3 23. Rc1 Ncd5 24. Ne5 Ba8 25. Red1 Qe8 26. Qa7 Qf8 27. Rc4 Ne8 28. Rdc1 f6 29. Ng6 Qd6 30. Rxc5 Rxc5 31. Qxc5 Qxc5 32.
Rxc5 Kf7 33. Nf4 Nec7 34. Nxd5 Nxd5 35. Bxd5 Bxd5 36. a4 Ke7 37. a5 Kd6 38. Rc1 g5 39. a6 f5 40. a7 e5 41. Rc8 1-0

[Event "*** Monthly 3|2 Blitz Masters"]
[Site "Chess.com"]
[Date "2014.11.25"]
[Round "3"]
[White "RitvarsReimanis"]
[Black "ameet100"]
[Result "0-1"]
[WhiteElo "2248"]
[BlackElo "2432"]
[TimeControl "180+2"]
[EndTime "11:32:31 PST"]
[Termination "ameet100 won by resignation"]

1. d4 d6 2. Nf3 g6 3. g3 Bg7 4.
Bg2 Nf6 5. O-O O-O 6. Nbd2 Nbd7 7. a4 a5 8. Nc4 b6 9. Nfe5 d5 10. Nc6 Qe8 11. N4e5 Bb7 12. c4 Nxe5 13. dxe5 Qxc6 14. exf6 Qxf6 15. cxd5 Rfd8 16. Qb3 Ba6 17. Re1 Qd4 18. Qc2 Rac8 19. Ra3 Qb4 20. Rd1 Bb7 21.
h4 Bf6 22. h5 Rd6 23. hxg6 hxg6 24. Ra2 Rcd8 25. Bd2 Qg4 26. Bf3 Qh3 27. e4 Be5 28.
Bg2 Qg4 29. Re1 Bd4 30. Be3 Bxe3 31. Rxe3 c6 32. Bf3 Qg5 33. e5 Rxd5 34. Bxd5 Rxd5 35. f4 Qh5 36. e6 Rd1+ 37. Kg2 c5+ 38. Re4 f5 39. Kf2 0-1

[Event "*** Monthly 3|2 Blitz Masters"]
[Site "Chess.com"]
[Date "2014.11.25"]
[Round "3"]
[White "gumersindo"]
[Black "MattyDPerrine"]
[Result "1-0"]
[WhiteElo "2047"]
[BlackElo "2025"]
[TimeControl "180+2"]
[EndTime "11:32:36 PST"]
[Termination "gumersindo won by resignation"]

1. d4 Nf6 2. c4 c5 3. d5 b5 4.
cxb5 a6 5. bxa6 g6 6. Nc3 Bxa6 7.
e4 Bxf1 8. Kxf1 d6 9. Nf3 Bg7 10. g3 O-O 11. Kg2 Nbd7 12. a4 Nb6 13. Qe2 Ra5 14. Bd2 Qa8 15. b3 Nfd7 16. Rab1 Ra7 17. Nb5 Rb7 18. Bc3 Qa6 19. Bxg7 Kxg7 20. Nd2 Na8 21. Nc4 Nc7 22. Nxc7 Rxc7 23. h4 h5 24.
g4 hxg4 25. h5 Nf6 26. hxg6 fxg6 27. Qe3 Qb7 28. Rbd1 Rb8 29. e5 Nxd5 30. Qh6+ Kf7 31. Qh7+ Ke6 32. Qxg6+ Nf6+ 33. Kg1 dxe5 34. Rd3 Rg8 35. Qh6 g3 36. fxg3 Qe4 37. Qh3+ Kf7 38.
Qf1 Qg6 39. Nxe5+ Ke6 40. Nxg6 Rxg6 41. Qe2+ Kf7 42. Kg2 Rb7 43. Rh4 Rxb3 44. Rxb3 1-0

[Event "*** Monthly 3|2 Blitz Masters"]
[Site "Chess.com"]
[Date "2014.11.25"]
[Round "3"]
[White "lorcho"]
[Black "Yaacovn"]
[Result "0-1"]
[WhiteElo "2377"]
[BlackElo "2594"]
[TimeControl "180+2"]
[EndTime "11:33:06 PST"]
[Termination "Yaacovn won by resignation"]

1. e4 c6 2. d4 d5 3. Nd2 dxe4 4. Nxe4 Nf6 5. Nxf6+ gxf6 6. Be2 Bf5 7.
Bf3 e6 8. Ne2 Nd7 9. O-O Bd6 10.
Bf4 Bxf4 11. Nxf4 Qc7 12. Qd2 O-O-O 13. Qe3 Nb6 14. Nh5 Qe7 15. c3 Rhg8 16. a4 Bg4 17.
Bxg4 Rxg4 18. a5 Nd5 19. Qf3 Rdg8 20. g3 a6 21. h3 R4g5 22. c4 Rf5 23. Qe2 Nf4 24.
Nxf4 Rxf4 25. Rfd1 Qd6 26. Qe3 f5 27. d5 Re4 28. Qf3 Rxc4 29. dxe6 Qxe6 30. Re1 Re4 31. Rxe4 fxe4 32. Qe3 f5 33. Kh2 Rd8 34. Re1 Qe5 35. b4 Rd3 36. Qh6 Rd7 37. Re2 Kc7 38.
Kg2 Qd5 39. Qf4+ Kc8 40. Re3 Qe6 41. h4 h6 42. h5 Qf7 43. Qh4 Qe7 44. Qf4 Qe6 45. g4 Rg7 46. f3 exf3+ 47. Qxf3 Qd5 48. Qxd5 cxd5 49. Kf3 fxg4+ 50. Kg3 Rg5 51. Re6 Rxh5 52. Kxg4 Rg5+ 53. Kf4 Rh5 54. Rd6 Kc7 55. Rb6 Rh1 56.
Ke5 h5 57. Kxd5 h4 58. Rh6 h3 59. Rh7+ Kb8 60. Kc5 Ka7 61. b5 axb5 62. Kxb5 h2 63. a6 Rb1+ 64. Ka5 h1=Q 0-1

[Event "*** Monthly 3|2 Blitz Masters"]
[Site "Chess.com"]
[Date "2014.11.25"]
[Round "3"]
[White "esr44"]
[Black "FrankieJay"]
[Result "0-1"]
[WhiteElo "2056"]
[BlackElo "2177"]
[TimeControl "180+2"]
[EndTime "11:33:16 PST"]
[Termination "FrankieJay won by resignation"]

1. d4 d5 2. c4 c6 3. Nf3 Nf6 4. Nc3 a6 5. e3 b5 6. b3 Bg4 7. h3 Bh5 8. g4 Bg6 9. Ne5 e6 10. Bd2 Bb4 11. Nxg6 hxg6 12. Bg2 Nbd7 13. Qc2 Rc8 14. O-O-O bxc4 15. bxc4 Ba3+ 16. Kb1 Rb8+ 17. Ka1 Bb2+ 18. Qxb2 Rxb2 19. Kxb2 dxc4 20. Kc2 Nd5 21. Rb1 O-O 22. Rb7 N7b6 23. Rb1 Nxc3 24. Bxc3 Nd5 25.
Be1 f5 26. gxf5 gxf5 27. Bf1 c3 28. Bc4 Qa5 29. Bxd5 cxd5 30. Bxc3 Qxa2+ 31. R1b2 Qc4 32. Kd2 Rc8 33. R2b3 Qf1 34. Rb8 Qxf2+ 35. Kd3 Qf1+ 36.
Kd2 Rxb8 37. Rxb8+ Kh7 38. Ra8 Qxh3 39. Rxa6 Qg2+ 40.
Ke1 g5 41. Rxe6 g4 42. Bb4 g3 43. Bd6 Qf2+ 44. Kd1 g2 45. Re7+ Kg6 46. Re6+ Kf7 47. Re7+ Kf6 0-1

[Event "*** Monthly 3|2 Blitz Masters"]
[Site "Chess.com"]
[Date "2014.11.25"]
[Round "3"]
[White "josiwales"]
[Black "Philofive"]
[Result "1-0"]
[WhiteElo "1815"]
[BlackElo "2212"]
[TimeControl "180+2"]
[EndTime "11:33:23 PST"]
[Termination "josiwales won by resignation"]

1. e4 e6 2. d3 d5 3. Qe2 Nf6 4. Nf3 b6 5. e5 Nfd7 6. g3 c5 7. Bg2 Nc6 8. O-O Qc7 9. Bf4 Be7 10. h4 Bb7 11. c4 dxc4 12. dxc4 O-O-O 13. Nc3 a6 14. Rad1 h6 15. Ne4 Nf8 16. Nd6+ Kb8 17.
Nxf7 Rxd1 18. Rxd1 Rg8 19. Nd6 Ba8 20. h5 Nh7 21. Qc2 Ng5 22. Bxg5 hxg5 23. Qh7 Qd8 24. Rd2 g4 25. Ne1 Rh8 26. Qe4 Rxh5 27. Qxg4 Rxe5 28.
Ne4 Nd4 29. Nd3 Rf5 30. Nf4 Qg8 31. Ng6 Bf8 32. Nxf8 Qxf8 33. Qd1 Qf7 34. Nd6 Qf6 35. Nxf5 Qxf5 36. Bxa8 Kxa8 37. Rd3 e5 38. Re3 g5 39. Qd3 Qxd3 40. Rxd3 Kb7 41. Re3 Nc6 42. Kg2 Kc7 43. Kf3 Kd6 44. Ke4 Ke6 45. g4 Nd4 46. Rh3 Nc2 47. Rh6+ Kf7 48. Kxe5 Nb4 49. Rxb6 Nd3+ 50. Kf5 Nxf2 51. Rb7+ Ke8 52. Kxg5 Ne4+ 53. Kf5 Nd2 54. Ke6 Kd8 55. Rd7+ Kc8 56. Rxd2 1-0

[Event "*** Monthly 3|2 Blitz Masters"]
[Site "Chess.com"]
[Date "2014.11.25"]
[Round "3"]
[White "GMHess"]
[Black "Sebastian"]
[Result "1-0"]
[WhiteElo "2450"]
[BlackElo "2518"]
[TimeControl "180+2"]
[EndTime "11:33:42 PST"]
[Termination "GMHess won by resignation"]

1. b3 c5 2. Bb2 Nc6 3. Nf3 d6 4. e3 e5 5. Bb5 Ne7 6. d4 cxd4 7. exd4 e4 8. Nfd2 d5 9. O-O a6 10. Bxc6+ Nxc6 11. c4 Bb4 12. cxd5 Qxd5 13. Nc4 Qg5 14. Qe2 O-O 15. Qxe4 Be6 16. Qe3 Qg6 17. Nbd2 Bd5 18. Qg3 Rad8 19. Qxg6 hxg6 20. Rfd1 Rfe8 21. Ne3 Ne7 22.
Ndc4 b5 23. Nxd5 Nxd5 24. Ne5 Nc3 25. Rd3 Ne2+ 26. Kf1 Rxe5 27. a3 Ba5 28. b4 Nf4 29.
Rf3 Re4 30. bxa5 Ne6 31. Re3 Rh4 32. h3 Rh5 33. Rd1 Rhd5 34. Re4 g5 35. g3 R8d6 36. Ke2 f6 37. Kf3 Kf7 38. Rde1 Rc6 39. Kg2 Rd7 40. Bc3 Nc7 41. Bb4 Nd5 42. Bc5 Rd8 43. h4 gxh4 44. Rxh4 Nc7 45. Re7+ Kg8 46. Bb6 Rc8 47. Rd7 Ne8 48. d5 Rd6 49. Rxd6 Nxd6 50. a4 Kf7 51. axb5 Nxb5 52. Re4 Re8 53. Rc4 Re5 54.
Rc8 Rxd5 55. Ra8 Re5 56. Rxa6 Re8 57. Bc5 Rc8 58. Be3 Ke7 59. Rb6 Nc7 60. a6 Ra8 61.
Rb7 Kd8 62. Bb6 Rxa6 63. Bxc7+ Kc8 64. Rb6 Ra7 65. Bf4 Kd7 66. Be3 Rc7 67. Ra6 Ke8 68. Ra7 Rxa7 69. Bxa7 Kf7 70. Kf3 f5 71. Kf4 Kf6 72.
Bd4+ Kg6 73. Bxg7 1-0

[Event "*** Monthly 3|2 Blitz Masters"]
[Site "Chess.com"]
[Date "2014.11.25"]
[Round "3"]
[White "thegormacle"]
[Black "AlmirDzhumaev"]
[Result "0-1"]
[WhiteElo "2465"]
[BlackElo "2265"]
[TimeControl "180+2"]
[EndTime "11:34:05 PST"]
[Termination "AlmirDzhumaev won by resignation"]

1. d4 d5 2. c4 e6 3. Nf3 Nf6 4. g3 Be7 5. Bg2 O-O 6. O-O c5 7. cxd5 exd5 8. Nc3 c4 9. Ne5 Nc6 10. Nxc6 bxc6 11. b3 Ba6 12. Qc2 h6 13. Rd1 Qa5 14.
Bd2 Bb4 15. a3 Bxc3 16. Bxc3 Qc7 17. b4 Rfe8 18. e3 Bc8 19. Re1 Ne4 20. Bb2 Bf5 21. Qc1 Rab8 22. f3 Nd6 23. Qd2 Bd3 24. a4 a6 25. Bc3 f5 26. h3 Re6 27. g4 g6 28. Qf2 Kh7 29. Qg3 Qf7 30. b5 axb5 31. axb5 Rxb5 32. Ra6 Qb7 33. Rea1 Rb1+ 34. Rxb1 Bxb1 35.
Ra1 Bd3 36. Qf2 Nb5 37. Bb4 Nxd4 38. Bc5 Nb5 39. Qb2 Qg7 40. Qa2 c3 41. Kh2 c2 42.
Qa8 fxg4 43. hxg4 h5 44. g5 Qf7 45. Bh3 Bf5 46. Bxf5 gxf5 47. Qa2 f4 48. Qxc2+ Kg7 49. Qb2+ Kg6 50. Qh8 fxe3 51. Qh6+ Kf5 52. g6 Qxg6 53. Qf8+ Qf6 54. Qg8 Qe5+ 55. Kh3 Qxa1 56. Qh7+ Rg6 57.
Qd7+ Kf4 58. Qf7+ Qf6 0-1

[Event "*** Monthly 3|2 Blitz Masters"]
[Site "Chess.com"]
[Date "2014.11.25"]
[Round "3"]
[White "pedromartinez91"]
[Black "Quinten94"]
[Result "0-1"]
[WhiteElo "2057"]
[BlackElo "2102"]
[TimeControl "180+2"]
[EndTime "11:34:11 PST"]
[Termination "Quinten94 won by resignation"]

1. e4 c6 2. d4 d5 3. Nd2 dxe4 4.
Nxe4 Bf5 5. Ng3 Bg6 6. h4 h6 7. Nf3 e6 8. h5 Bh7 9. Bd3 Bxd3 10. Qxd3 Nf6 11. Bd2 Be7 12. Ne4 Nxe4 13. Qxe4 Qd5 14.
Qe2 Qb5 15. c4 Qxb2 16. O-O Qb6 17. d5 cxd5 18. cxd5 O-O 19. Rab1 Qa6 20. Qxa6 Nxa6 21. Rxb7 Bf6 22. dxe6 fxe6 23. Be3 Rf7 24. Rfb1 Rxb7 25. Rxb7 Rb8 26. Rxb8+ Nxb8 27. Bxa7 Nc6 28. Bb6 Kf7 29. a4 Ke8 30. Kf1 Kd7 31. Ke2 Nb4 32. Nd4 Nd5 33.
Bc5 Nc3+ 34. Kd3 Nxa4 35. Bf8 Nb2+ 36. Ke4 Nd1 37. f4 Nf2+ 38. Ke3 Ng4+ 39. Kf3 Nh2+ 40. Ke4 Ng4 41. Nf3 Ke8 42. Bd6 Bb2 43. Be5 Bxe5 44. Nxe5 Nf6+ 45. Kf3 Nxh5 46. g4 Nf6 47. g5 hxg5 48.
fxg5 Nd5 49. Kg4 Ke7 50. Kh5 Nf4+ 51. Kg4 Nd5 52. Kh5 Kf8 53. Kg6 Kg8 54. Kh5 Kh7 55. Kg4 Ne7 56. Nd3 Kg6 57. Nc5 Kf7 58. Nd7 Nc6 59. Kh5 Ke7 60. Nc5 Ne5 61. Kh4 Kd6 62. Nb7+ Kd5 63. Nd8 Ng6+ 64. Kh5 Ne7 65. Kg4 e5 66.
Nf7 e4 67. Kf4 Ng6+ 68. Kf5 e3 69. Kxg6 e2 70. Kxg7 e1=Q 71. g6 Ke6 72. Kg8 Kf6 73. Nh8 Qe8+ 74. Kh7 Qf8 75. g7 0-1

[Event "*** Monthly 3|2 Blitz Masters"]
[Site "Chess.com"]
[Date "2014.11.25"]
[Round "3"]
[White "GMBenjaminBok"]
[Black "DanielRensch"]
[Result "1-0"]
[WhiteElo "2635"]
[BlackElo "2364"]
[TimeControl "180+2"]
[EndTime "11:34:23 PST"]
[Termination "GMBenjaminBok won by resignation"]

1. e4 c5 2. Nf3 d6 3. d4 cxd4 4.
Nxd4 Nf6 5. Nc3 a6 6. Be3 e6 7. Be2 Be7 8. g4 b5 9. g5 Nfd7 10. a3 Nb6 11. Qd2 Bb7 12. O-O-O N8d7 13. f4 Rc8 14. f5 e5 15. Nb3 Rxc3 16. Qxc3 Bxe4 17.
Rhf1 Nd5 18. Rxd5 Bxd5 19. h4 O-O 20. f6 gxf6 21. gxf6 Bxf6 22. Bh6 Re8 23. Bg4 Nf8 24. Bf5 Bxh4 25. Bxf8 Kxf8 26. Bxh7 Be6 27. Kb1 Qg5 28. Qb4 Rd8 29. Rh1 Bf2 30. Bd3 Be3 31. Na5 Bc5 32. Qe1 Bd5 33. Be4 Bxe4 34. Qxe4 d5 35. Qd3 e4 36. Qc3 d4 37. Qe1 Bb6 38. Nc6 Rd6 39. Qxe4 Re6 40. Qf3 d3 41. cxd3 Rf6 42. Qe4 Qf5 43.
Qe7+ Kg7 44. Ne5 Re6 45. Qh4 Qxe5 46. Qh8+ Kg6 47. Rh6+ Kf5 48. Rh5+ Kf4 49. Rxe5 Rxe5 50. Qh6+ Kf3 51. Qxb6 f5 52. d4 Re1+ 53. Kc2 f4 54. d5 Re2+ 55. Kd3 Re3+ 56. Kd2 Re2+ 57. Kd1 Re4 58.
d6 Re3 59. d7 Rd3+ 60. Ke1 Re3+ 61. Kd2 Re2+ 62. Kd1 1-0

[Event "*** Monthly 3|2 Blitz Masters"]
[Site "Chess.com"]
[Date "2014.11.25"]
[Round "3"]
[White "jlandaw"]
[Black "wonderfultime"]
[Result "1/2-1/2"]
[WhiteElo "2273"]
[BlackElo "2499"]
[TimeControl "180+2"]
[EndTime "11:34:34 PST"]
[Termination "Game drawn by agreement"]

1. e4 e6 2. d4 d5 3. Nd2 dxe4 4.
Nxe4 Bd7 5. Nf3 Bc6 6. Ng3 Nd7 7. c3 Ngf6 8. Bd3 Bd6 9. O-O O-O 10. Re1 Bxf3 11. Qxf3 c6 12. Bf4 Bxf4 13. Qxf4 Re8 14. Re2 Qb6 15. Rae1 Rad8 16. Ne4 Nxe4 17. Qxe4 Nf8 18. b4 a5 19. Rb2 axb4 20. Rxb4 Qa5 21.
a4 c5 22. dxc5 Qxc5 23. Qe3 Qc7 24. Be4 Rb8 25. Reb1 Rec8 26. Bxb7 Qxc3 27. a5 Qxe3 28. fxe3 Rc3 29. a6 Ra3 30. Kf2 Nd7 31. Rb5 f6 32. Ke2 Kf7 33. Kd2 Ne5 34. Kc2 Nc4 35. R1b3 Ra1 36.
Rc3 Nd6 37. Rb2 Ke7 38. Rc7+ Kf8 39. Rb3 Nf5 40. Kb2 Ra5 41. Bc8 Rxb3+ 42. Kxb3 Ne7 43.
Bb7 Ke8 44. Rc4 Kd7 45. Kb4 Ra1 46. Kb5 Nd5 47. Bxd5 exd5 48. Rc5 Kd6 49. Rc6+ Kd7 50. Rc2 Ra3 51. Kb6 Rxe3 52. Ra2 Rb3+ 53. Kc5 Rb8 54. a7 Ra8 55. Kb6 Kd6 56. Kb7 Rxa7+ 57. Kxa7 d4 58. Ra5 Kc6 59. Kb8 g6 60. g4 d3 61. Ra3 Kd5 62.
Rxd3+ Ke4 63. Rd7 Kf4 64. Rf7 Kxg4 65. Rxf6 Kh3 66. Rf7 h5 67. Rf2 g5 68. Kc7 g4 69.
Kd6 h4 1/2-1/2

[Event "*** Monthly 3|2 Blitz Masters"]
[Site "Chess.com"]
[Date "2014.11.25"]
[Round "3"]
[White "liczner"]
[Black "Nouki"]
[Result "0-1"]
[WhiteElo "2413"]
[BlackElo "2653"]
[TimeControl "180+2"]
[EndTime "11:34:41 PST"]
[Termination "Nouki won on time"]

1. e4 e5 2. Nf3 Nc6 3. Bb5 a6 4.
Bxc6 dxc6 5. O-O Ne7 6. Nxe5 Qd4 7.
Qh5 g6 8. Qg5 Bg7 9. Nd3 f5 10.
e5 c5 11. b3 b6 12. Bb2 Qg4 13. Qxg4 fxg4 14. Na3 Bf5 15. Nf4 Bh6 16. Ne2 O-O-O 17.
d3 Rhe8 18. Ng3 Nc6 19. Rfe1 Be6 20. Nc4 b5 21. Ne3 Nd4 22. Rac1 Bf4 23. Ne4 c4 24. bxc4 bxc4 25. dxc4 Bf5 26. Nc5 a5 27. Nxf5 Bxc1 28. Bxd4 gxf5 29. Ba1 Bd2 30. Re2 Bh6 31. Nd3 Bg7 32. g3 Re6 33. Kg2 Rc6 34. c5 Re6 35. f3 h5 36. h3 Bh6 37. Bc3 a4 38. Re1 Kb7 39. Rf1 Kc6 40. fxg4 hxg4 41. Rxf5 gxh3+ 42. Kxh3 Kd5 43. Rf1 Kc4 44. Ba1 Rg6 45. Nf4 Bxf4 46. Rxf4+ Kxc5 47. Rf6 Rgg8 48. Bb2 Rd2 49. e6 Re8 50. e7 Kd5 51. Ba3 c5 52. Rf5+ Ke6 53. Rxc5 Rxe7 54. Rc6+ Kd7 55. Ra6 Re4 56. c3 Rxa2 57. Bb4 Kc7 58. g4 Kb7 59. Ra5 Kb6 60. g5 Rd2 61. Rxa4 Rd3+ 62. Kg2 Re2+ 63. Kf1 Rb2 64.
Ra1 Rf3+ 65. Kg1 Rg3+ 66. Kf1 Rxg5 67. Be7 Rg7 68. Bh4 Rh7 69. Bf2+ Kb5 0-1

[Event "*** Monthly 3|2 Blitz Masters"]
[Site "Chess.com"]
[Date "2014.11.25"]
[Round "3"]
[White "grandmastergauri"]
[Black "VSERGUEI"]
[Result "0-1"]
[WhiteElo "2336"]
[BlackElo "2373"]
[TimeControl "180+2"]
[EndTime "11:34:43 PST"]
[Termination "VSERGUEI won by resignation"]

1. e4 e6 2. d4 d5 3. Nd2 Nf6 4. e5 Nfd7 5. c3 c5 6. Bd3 Nc6 7. Ne2 cxd4 8. cxd4 f6 9. exf6 Nxf6 10. Nf3 Bd6 11.
O-O O-O 12. Bf4 Bxf4 13. Nxf4 Ne4 14. Nh5 Bd7 15. Ng3 Nxg3 16. hxg3 a6 17. a3 Rc8 18. Rc1 Qf6 19. Bb1 Na5 20. Qd3 g6 21. Qe2 Bb5 22. Bd3 Bxd3 23. Qxd3 Nc4 24. Qe2 b5 25. Rfe1 Rfe8 26.
Ne5 Nxe5 27. dxe5 Qf5 28. Qe3 Rc4 29. b3 Re4 30. Qc3 d4 31. Qc6 Rxe1+ 32. Rxe1 Rf8 33. f4 g5 34. Qe4 gxf4 35. Qxf5 Rxf5 36. g4 Rg5 37. Rd1 Rxe5 38. Rxd4 Re3 39. b4 e5 40. Rd8+ Kf7 41. Rd7+ Ke6 42. Rxh7 Rxa3 43. Rh6+ Kd5 44. g5 Rg3 45. Rxa6 Rxg5 46. Ra1 Kc4 47. Kf2 Kxb4 48.
Kf3 Kc3 49. Rc1+ Kb2 50. Rc8 b4 51. Rb8 b3 52. Rc8 Kb1 53. Ke4 b2 54. Rb8 Rxg2 55.
Kd3 Rg3+ 56. Kd2 e4 57. Rb7 Rd3+ 58. Ke2 f3+ 59. Kf2 Rd2+ 60. Ke3 Re2+ 61. Kd4 f2 62.
Kc3 f1=Q 63. Rxb2+ Rxb2 0-1

[Event "*** Monthly 3|2 Blitz Masters"]
[Site "Chess.com"]
[Date "2014.11.25"]
[Round "3"]
[White "GedoGluperd"]
[Black "IMRosen"]
[Result "1-0"]
[WhiteElo "2315"]
[BlackElo "1980"]
[TimeControl "180+2"]
[EndTime "11:35:01 PST"]
[Termination "GedoGluperd won by resignation"]

1. d4 d5 2. c4 e6 3. Nc3 Nf6 4.
cxd5 exd5 5. Bg5 c6 6. e3 h6 7. Bh4 Bf5 8. Qf3 Bg6 9. Bxf6 Qxf6 10. Qxf6 gxf6 11. Nge2 Nd7 12. Nf4 Nb6 13. h4 a5 14. h5 Bh7 15. Bd3 Bxd3 16. Nxd3 a4 17. Ke2 Bd6 18. Rh4 Rg8 19. Kf3 Nc4 20. Rd1 f5 21. Ne2 Be7 22. Rh3 Nd6 23. Ng3 Rg5 24. Rc1 Ne4 25. Ne5 Bd6 26. Rc2 f6 27. Nd3 Kf7 28.
Ne2 Rg4 29. g3 Ng5+ 30. Kg2 Nxh3 31. Kxh3 Re4 32. Rd2 Rg8 33. Nc3 Ree8 34. Nxa4 Rg5 35. Kh4 Re4+ 36. Kh3 Rxh5+ 37. Kg2 Rg5 38. Nac5 Bxc5 39.
Nxc5 Re7 40. a4 b6 41. Nd3 Ke6 42. Rc2 Kd6 43. Kf3 Rg8 44. Nf4 Ra8 45. b3 Rb7 46. Nd3 h5 47. Rc1 h4 48. gxh4 Rh7 49.
Nb4 c5 50. Nd3 Rc8 51. Kg3 c4 52. Nf4 cxb3 53. Rb1 Rc3 54. h5 Kc6 55. Kh4 b5 56. axb5+ Kxb5 57. Nxd5 Kc4 58. Nxf6 Rh8 59. Nd7 Kd3 60.
Ne5+ Kc2 61. Rg1 b2 62. d5 b1=Q 63. Rxb1 Kxb1 64. d6 Rc2 65. f4 Rd2 66. d7 Kc2 67. Kg5 Kd1 68. h6 Ke2 69. Kg6 Kxe3 70. Nc4+ Kxf4 71. Nxd2 Ke3 72. Nc4+ Kd3 73. Nd6 f4 74. Ne8 f3 75. d8=Q+ Ke2 76. Qe7+ Kf1 77. Nf6 f2 78. Ne4 Rg8+ 79. Kh5 Rg2 80. Qf6 Rh2+ 81. Kg6 Rg2+ 82.
Kf7 Kg1 83. Qxf2+ Rxf2+ 84. Nxf2 1-0